Map: Ulrena

Players

HeadBeagle

  • Race: Terran Terran
  • League: Silver

pupu - Winner!

  • Race: Protoss Protoss
  • League: Gold

VOD

Have the link to the VOD?

Description

Time

  • Played on: April 22, 2016, 3:40 p.m.
  • Length: 10:07
Show
View Real Time Build Order
Export as new Build Order

HeadBeagle Terran 

Build Orders: MMM Bio 

Get SALT Encoding   

  12  0:02  SCV  
  13  0:16  SCV  
  13  0:20  Supply Depot  
  14  0:28  SCV  
  15  0:43  Barracks  
  15  0:44  SCV  
  16  0:52  Refinery  
  16  0:56  SCV  
  17  1:01  Supply Depot  
  17  1:08  SCV  
  18  1:14  Barracks  
  18  1:20  SCV  
  19  1:29  Barracks  
  19  1:40  Orbital Command  
  19  1:46  Reaper  
  20  2:03  Barracks Tech Lab  
  20  2:05  Refinery  
  20  2:07  SCV  
  21  2:16  Barracks Reactor  
  21  2:20  SCV  
  21  2:22  Marine x2  
  22  2:27  Concussive Shells  
  24  2:32  SCV  
  25  2:45  SCV  
  25  2:49  Marine  
  25  2:50  Marauder  
  29  2:57  SCV  
  30  3:07  Marine  
  31  3:16  Supply Depot  
  31  3:21  Command Center  
  31  3:26  Factory  
  31  3:37  Marine x2  
  31  3:38  Supply Depot  
  31  3:39  Stimpack  
  33  3:46  Marine  
  33  3:47  Marine  
  35  3:49  SCV  
  32  3:55  Marauder  
  31  4:10  Marine x2  
  33  4:17  SCV  
  34  4:25  Factory Tech Lab  
  34  4:27  Supply Depot  
  34  4:32  Engineering Bay  
  34  4:46  Cyclone  
  34  5:06  SCV  
  35  5:16  SCV  
  35  5:18  SCV  
  37  5:21  Missile Turret  
  37  5:28  SCV  
  37  5:30  SCV  
  37  5:33  Missile Turret  
  39  5:39  Marauder  
  39  5:40  SCV  
  39  5:41  Marine  
  43  5:42  SCV  
  44  5:52  SCV  
  44  5:54  Marine x2  
  44  5:55  SCV  
  48  6:00  Marauder  
  50  6:09  Starport  
  50  6:14  Orbital Command  
  50  6:21  Refinery  
  50  6:26  Refinery  
  50  6:28  Marine  
  50  6:30  Marine  
  52  6:37  Combat Shields  
  52  6:39  SCV  
  53  6:54  Missile Turret  
  53  6:58  Factory  
  53  7:01  SCV  
  56  7:08  Marauder  
  56  7:10  Marine  
  56  7:13  Starport Reactor  
  57  7:20  Missile Turret  
  57  7:26  Hi-Sec Auto Tracking  
  57  7:29  SCV  
  58  7:39  Widow Mine  
  60  7:44  Missile Turret  
  60  7:46  Barracks Reactor  
  60  7:48  Factory Reactor  
  60  7:51  Supply Depot  
  60  7:52  Marine x3  
  63  8:03  Viking  
  63  8:04  SCV  
  66  8:07  SCV  
  66  8:09  Marine  
  66  8:10  Marine x2  
  70  8:16  SCV  
  70  8:19  Armory  
  39  8:49  Orbital Command  
  34  8:56  Marauder, Marine x4  
  34  9:09  Hellbat x2  
  37  9:14  Marine  
  38  9:18  Marauder  
  33  9:38  Marine  
  24  9:43  Marine  
Show
View Real Time Build Order
Export as new Build Order

pupu Protoss - Winner!

Build Orders: Oracle Opening 

Get SALT Encoding   

  12  0:01  Probe (Chrono Boost)  
  13  0:11  Probe (Chrono Boost)  
  14  0:21  Pylon  
  14  0:22  Probe (Chrono Boost)  
  15  0:39  Probe (Chrono Boost)  
  16  0:42  Gateway  
  16  0:47  Assimilator  
  16  0:49  Probe (Chrono Boost)  
  17  0:53  Assimilator  
  17  1:00  Probe (Chrono Boost)  
  18  1:10  Probe (Chrono Boost)  
  19  1:17  Forge  
  19  1:23  Probe (Chrono Boost)  
  20  1:31  Cybernetics Core  
  20  1:33  Probe (Chrono Boost)  
  21  1:41  Pylon  
  21  1:44  Probe (Chrono Boost)  
  22  1:51  Protoss Ground Weapons Level 1  
  22  1:55  Probe (Chrono Boost)  
  23  2:03  Zealot  
  23  2:07  Warp Gate (Chrono Boost)  
  25  2:15  Stargate  
  25  2:19  Probe  
  26  2:31  Mothership Core  
  28  3:00  Oracle (Chrono Boost)  
  30  3:19  Probe  
  31  3:20  Pylon  
  31  3:32  Nexus  
  31  3:33  Pylon  
  31  3:38  Probe, Stalker, Oracle (Chrono Boost)  
  37  3:50  Probe  
  38  4:13  Probe  
  39  4:23  Protoss Ground Armor Level 1 (Chrono Boost)  
  39  4:25  Probe  
  39  4:30  Void Ray (Chrono Boost)  
  44  4:37  Probe  
  45  4:38  Gateway  
  45  4:39  Gateway  
  45  4:41  Gateway  
  42  5:15  Zealot  
  42  5:20  Void Ray  
  48  5:33  Probe  
  48  5:34  Probe  
  50  5:43  Pylon  
  50  5:46  Gateway x2  
  50  5:51  Probe  
  50  5:52  Probe  
  50  5:57  Zealot x3  
  54  6:03  Void Ray  
  62  6:06  Sentry  
  64  6:22  Twilight Council  
  64  6:25  Probe  
  64  6:26  Probe  
  64  6:27  Gateway  
  66  6:32  Assimilator  
  66  6:35  Probe, Assimilator  
  67  6:40  Sentry  
  67  6:47  Pylon  
  69  7:04  Void Ray  
  69  7:07  Probe  
  69  7:08  Probe  
  74  7:17  Probe  
  74  7:19  Pylon  
  74  7:20  Probe  
  74  7:21  Pylon  
  76  7:25  Pylon  
  76  7:27  Zealot  
  78  7:35  Probe  
  78  7:36  Charge (Chrono Boost)  
  78  7:37  Probe  
  78  7:40  Protoss Ground Weapons Level 2 (Chrono Boost)  
  80  7:46  Probe  
  80  7:49  Probe  
  82  7:52  Zealot x5  
  82  7:53  Zealot x2  
  84  9:17  Zealot x4  
  84  9:18  Zealot x3  
  88  9:51  Stalker  
  88  9:52  Stalker x4  
  98  9:53  Stalker x2  
Tags
 
Composition
MMM Bio
Matchup
PvT
Add a new tag
Caveats
  • Supply blocks, unpowered buildings, or Contaminate may cause inaccurate times.
  • Supply counts are checked every 10 seconds.